 Dungeon Crawl Stone Soup version 0.25-a0-279-g53730b6a6f (webtiles) character file.

Game seed: 11898019097641262576, levelgen mode: deterministic

65 Roikka the Digger (level 4, -4/25 HPs)
             Began as a Gargoyle Earth Elementalist on Dec 10, 2019.
             Killed from afar by an orc wizard (7 damage)
             ... with a puff of flame
             ... on level 1 of the Dungeon.
             The game lasted 00:05:24 (1372 turns).

Roikka the Digger (Gargoyle Earth Elementalist)     Turns: 1372, Time: 00:05:26

Health: -4/25      AC:  5    Str: 12    XL:     4   Next: 13%
Magic:  1/7        EV: 12    Int: 16    God:
Gold:   35         SH:  0    Dex: 10    Spells: 4/8 levels left

rFire    . . .     SeeInvis .   e - +0 whip
rCold    . . .     Gourm    .   (no shield)
rNeg     + . .     Faith    .   c - +0 robe
rPois    ∞         Spirit   .   (no helmet)
rElec    +         Reflect  .   (no cloak)
rCorr    .         Harm     .   (no gloves)
MR       .....                  (no boots)
Stlth    ++........             (no amulet)
HPRegen  0.08/turn              (no ring)
MPRegen  0.10/turn              (no ring)

@: no status effects
A: negative energy resistance 1, electricity resistance, unbreathing,
petrification resistance, rot immunity, AC +3
a: no special abilities


You were on level 1 of the Dungeon.
You were not hungry.

You visited 1 branch of the dungeon, and saw 2 of its levels.

You collected 35 gold pieces.

Inventory:

Hand Weapons
 e - a +0 whip (weapon)
Missiles
 b - 29 stones (quivered)
Armour
 c - a +0 robe (worn)
Jewellery
 i - an uncursed amulet of magic regeneration {unknown}
Scrolls
 f - 2 scrolls of teleportation {unknown}
 g - a scroll of magic mapping {unknown}
Potions
 a - a potion of magic {unknown}
 h - a potion of curing {unknown}
Comestibles
 d - 2 rations


   Skills:
 - Level 1.4 Fighting
 * Level 1.3 Maces & Flails
 - Level 1.5 Dodging
 - Level 2.1 Stealth
 - Level 2.5 Spellcasting
 + Level 0.8 Conjurations
   Level 0.7 Transmutations
 + Level 4.4 Earth Magic


You had 4 spell levels left.
You knew the following spells:

 Your Spells              Type           Power        Failure   Level  Hunger
a - Sandblast             Erth           ###...       3%          1    #......
b - Stone Arrow           Conj/Erth      ##....       21%         3    ###....

Your spell library contained the following spells:

 Spells                   Type           Power        Failure   Level  Hunger
 Passwall                 Tmut/Erth      ##......     11%         2    ##.....
 Petrify                  Tmut/Erth      ##......     56%         4    #####..
 Lee's Rapid Deconstruct  Erth           ###.......   65%         5    ######.


Dungeon Overview and Level Annotations

Branches:
Dungeon (2/15)

Altars:


Innate Abilities, Weirdness & Mutations

You are resistant to torment.
Your stone body is resilient. (AC +3)
You are immune to poison.
You resist negative energy. (rN+)
You are resistant to electric shocks. (rElec)
You can survive without breathing.
You are immune to petrification.
You are immune to rotting.


Message History

You're too confused to cast spells.
Sorry, you're not good enough to have a special ability.
You're too confused to move!
You hear some strange, mumbled words.
A magic dart appears from out of thin air!
The magic dart hits you.
The orc priest invokes the aid of Beogh against you.
Beogh smites you!
* * * LOW HITPOINT WARNING * * *
The orc priest looks braver for a moment.
You climb upwards.
Reactivating autopickup.
There is a stone staircase leading down here.
You start resting.
You feel less confused.
You hear some strange, mumbled words.
A puff of flame appears from out of thin air!
Deactivating autopickup; reactivate with Ctrl-A.
The puff of flame hits you!
You die...

.......<.........##.# #.....
...###...###...#.##.# #..... ..##
##.## ##..#.##+## #..... .####
#.# ####.[.#...## #.....
....###.###...........## #.....
#...##...##..###.......## #..###
#...#.....#.............####...##
........................'...#...#
########.....##.@.......##.###...
##.##.###.......####.#.##.
######.#.###.....## ##.###.
#.....###.###[..## ### #.
#.####.#)#####+## #. #.#
##........# #. #.# #.######.# #.
#.# #.# ##.## #.
#.#####.#####...###########.


There were no monsters in sight!

Vanquished Creatures
  An adder (D:2)
  An ooze (D:1)
  A worm (D:2)
  3 dart slugs (D:1)
  2 leopard geckos
  An orc (D:2)
  4 goblins
  4 hobgoblins (D:1)
  6 jackals
  5 kobolds
  6 bats (D:1)
  2 frilled lizards (D:1)
  A rat (D:1)
37 creatures vanquished.

Notes
Turn   | Place    | Note
-------+----------+-------------------------------------------
     0 | D:1      | Roikka the Gargoyle Earth Elementalist began the quest for
                  | the Orb.
     0 | D:1      | Reached XP level 1. HP: 10/10 MP: 3/3
    52 | D:1      | Reached XP level 2. HP: 16/16 MP: 0/5
   144 | D:1      | Reached skill level 1 in Fighting
   180 | D:1      | Reached skill level 4 in Earth Magic
   519 | D:1      | Reached XP level 3. HP: 20/20 MP: 6/6
   527 | D:1      | Learned a level 3 spell: Stone Arrow
  1077 | D:2      | Reached skill level 1 in Maces & Flails
  1104 | D:2      | Reached XP level 4. HP: 14/25 MP: 5/7
  1372 | D:1      | Killed from afar by an orc wizard

Levels and vault maps discovered:
D:1:      roderic_crossed_star, layout_loops_corners, chequers_jeans
D:2:      layout_loops_cross, minmay_goblin_kobold_house

Skill      XL: |  1  2  3 |
---------------+----------+-----
Fighting       | 1 |  1.4
Earth Magic    | 4 |  4.4
Maces & Flails | 1 |  1.3
Dodging        | |  1.5
Stealth        | |  2.1
Spellcasting   | |  2.5
Conjurations   | |  0.8
Transmutations | |  0.7

Action                   |  1- 3 |  4- 6 || total
-------------------------+-------+-------++-------
Melee: Unarmed           |     4 |       ||     4
       Whip              |   101 |     4 ||   105
 Cast: Sandblast         |    13 |    12 ||    25
 Stab: Sleeping          |     8 |       ||     8
  Eat: Chunk             |     1 |     1 ||     2
Armor: Robe              |    36 |     4 ||    40
Dodge: Dodged            |    64 |     2 ||    66

Table legend:
 A = Non-vault XP
 B = Vault XP
 C = Vault XP percentage of total XP
 D = Non-vault monster count
 E = Vault monster count
 F = Vault count percentage of total count
                 A         B        C        D         E       F
            +---------+---------+-------+---------+---------+-------
      Total |      93 |       0 |   0.0 |      37 |       0 |   0.0
            +---------+---------+-------+---------+---------+-------
        D:1 |      57 |       0 |   0.0 |      27 |       0 |   0.0
        D:2 |      36 |       0 |   0.0 |      10 |       0 |   0.0
            +---------+---------+-------+---------+---------+-------
